Map: Ancient Cistern LE

Players

SqBurrito

  • Race: Zerg Zerg
  • League: Master
  • Spawn Location: 7:00

Clown - Winner!

  • Race: Protoss Protoss
  • League: Master
  • Spawn Location: 1:00

VOD

Have the link to the VOD?

Description

Time

  • Played on: Feb. 18, 2023, 7:49 p.m.
  • Length: 16:27
Show
View Real Time Build Order
Export as new Build Order

SqBurrito Zerg 

Build Orders: Hatch First, Brood Lord Corruptor 

Get SALT Encoding   

  12  0:00  Drone  
  13  0:12  Overlord  
  13  0:17  Drone  
  14  0:31  Drone x2  
  16  0:48  Drone  
  17  0:55  Drone  
  17  0:56  Hatchery  
  17  1:00  Drone  
  18  1:10  Extractor  
  17  1:14  Spawning Pool  
  17  1:17  Drone  
  17  1:20  Drone  
  18  1:28  Drone  
  19  1:40  Drone  
  20  1:50  Overlord  
  20  2:00  Queen  
  22  2:08  Zergling x2  
  22  2:09  Queen, Zergling x2  
  26  2:17  Metabolic Boost  
  26  2:25  Drone  
  26  2:26  Drone  
  28  2:34  Hatchery  
  27  2:38  Drone x2  
  29  2:45  Drone x2  
  29  2:46  Drone  
  32  2:54  Queen  
  33  3:01  Overlord  
  33  3:03  Drone x2  
  35  3:14  Drone  
  35  3:16  Overlord  
  35  3:29  Zergling x4  
  35  3:31  Drone x3  
  39  3:38  Queen  
  41  3:48  Drone x3  
  41  3:49  Drone x3  
  46  3:57  Overlord x2, Queen  
  48  4:05  Overlord  
  48  4:09  Spore Crawler  
  47  4:10  Drone x4  
  47  4:11  Drone  
  47  4:14  Overlord  
  52  4:20  Overlord  
  52  4:28  Spore Crawler  
  52  4:29  Drone x4  
  52  4:30  Drone  
  54  4:33  Spore Crawler  
  54  4:37  Drone x2  
  54  4:38  Drone  
  56  4:43  Evolution Chamber  
  56  4:44  Drone  
  56  4:46  Queen  
  56  4:52  Overlord  
  58  4:53  Drone x2  
  60  5:01  Zergling x4  
  60  5:02  Zergling x4  
  60  5:07  Roach Warren, Drone  
  65  5:11  Drone  
  65  5:14  Zergling x2  
  65  5:15  Zergling x2  
  65  5:17  Zerg Melee Weapons Level 1  
  65  5:20  Lair  
  66  5:25  Drone x2  
  67  5:31  Drone x3  
  67  5:35  Queen  
  72  5:38  Overlord  
  72  5:39  Drone x2  
  72  5:40  Drone  
  72  5:42  Extractor  
  74  5:43  Extractor  
  74  5:47  Overlord, Hatchery  
  72  5:51  Roach x4  
  72  5:54  Overlord  
  72  5:55  Drone  
  81  5:57  Drone x2  
  83  6:04  Drone x4  
  81  6:22  Zergling x2  
  81  6:23  Zergling x12  
  75  6:40  Drone x5  
  72  7:03  Drone  
  72  7:04  Drone x8  
  72  7:08  Glial Reconstitution  
  77  7:11  Drone x5  
  77  7:12  Infestation Pit  
  77  7:26  Queen  
  77  7:27  Drone x5  
  77  7:28  Drone x2  
  85  7:32  Queen  
  85  7:34  Extractor  
  86  7:37  Zerg Melee Weapons Level 2, Extractor  
  86  7:38  Extractor  
  84  7:46  Zergling x2  
  84  7:47  Zergling x16  
  93  7:54  Hive  
  93  7:57  Drone x3  
  96  8:03  Queen  
  98  8:08  Drone x8  
  98  8:09  Drone  
  98  8:11  Queen  
  109  8:19  Roach x3  
  116  8:20  Roach x3  
  116  8:24  Overlord, Baneling Nest  
  111  8:32  Roach x3  
  111  8:33  Roach x4  
  119  8:39  Spine Crawler  
  119  8:40  Spine Crawler  
  111  8:44  Drone x12, Spore Crawler  
  122  9:00  Queen  
  122  9:06  Extractor  
  122  9:07  Centrifugal Hooks  
  122  9:08  Extractor  
  120  9:13  Viper  
  120  9:14  Spine Crawler, Viper  
  120  9:15  Spine Crawler  
  124  9:17  Overlord x2  
  124  9:37  Zergling x14  
  124  9:38  Zergling x24  
  139  9:47  Spire  
  139  9:49  Drone  
  139  9:50  Drone x3  
  142  9:54  Spine Crawler  
  142  9:55  Drone x3, Spine Crawler  
  142  9:58  Zerg Missile Weapons Level 1  
  142  9:59  Overlord x2  
  143  10:00  Evolution Chamber  
  143  10:01  Baneling  
  143  10:02  Hatchery, Baneling x8  
  143  10:03  Baneling x2  
  143  10:04  Overlord  
  143  10:06  Zergling x2  
  143  10:07  Zergling x4  
  144  10:13  Roach x2  
  144  10:14  Roach  
  144  10:15  Overlord x2  
  142  10:21  Adrenal Glands  
  142  10:27  Overseer  
  142  10:31  Overseer  
  142  10:40  Drone x4  
  142  10:41  Overseer  
  146  10:43  Pneumatized Carapace  
  146  10:48  Zergling x28  
  148  11:01  Corruptor x3  
  148  11:02  Corruptor x4  
  154  11:08  Roach x4  
  158  11:15  Baneling x10  
  158  11:21  Drone x4, Spine Crawler  
  158  11:23  Spore Crawler  
  158  11:24  Greater Spire  
  160  11:26  Queen  
  161  11:36  Roach x4  
  161  11:37  Zergling x14  
  174  11:50  Zergling x8  
  173  12:04  Baneling x2  
  173  12:05  Baneling x4  
  173  12:06  Roach x5, Zergling x4, Hatchery  
  173  12:07  Zergling x2  
  173  12:08  Overlord x3  
  183  12:17  Zerg Melee Weapons Level 3  
  183  12:19  Zerg Ground Armor Level 1  
  183  12:22  Hatchery  
  182  12:28  Queen  
  181  12:49  Brood Lord x6  
  181  12:50  Brood Lord  
  195  12:56  Baneling x7  
  195  13:00  Spine Crawler  
  195  13:02  Overlord x2, Spine Crawler x2  
  195  13:03  Zerg Flyer Weapons Level 1, Spine Crawler  
  187  13:23  Ravager x2  
  187  13:24  Ravager x3  
  187  13:25  Zergling x2  
  187  13:26  Zergling x12  
  191  13:44  Zergling x4  
  191  13:45  Zergling x10  
  191  13:46  Queen  
  200  13:54  Baneling  
  200  13:55  Baneling x8  
  194  14:13  Zergling x6  
  194  14:14  Zergling x42  
  194  14:15  Zergling x12  
  189  14:23  Corruptor x2  
  189  14:24  Corruptor  
  125  14:40  Drone  
  125  14:43  Corruptor x4  
  125  14:44  Corruptor x3  
  106  15:05  Zergling x18  
  85  15:17  Brood Lord  
  85  15:18  Brood Lord x4  
  90  15:32  Brood Lord  
  82  15:51  Brood Lord  
  83  15:59  Drone x2  
  81  16:09  Drone x4  
  81  16:10  Drone x5  
  88  16:15  Hatchery  
Show
View Real Time Build Order
Export as new Build Order

Clown Protoss - Winner!

Build Orders: 1 Gate Expand, Oracle Opening 

Get SALT Encoding   

  12  0:01  Probe  
  13  0:13  Probe  
  14  0:20  Pylon  
  14  0:25  Probe  
  15  0:39  Gateway  
  15  0:41  Probe (Chrono Boost)  
  16  0:49  Assimilator  
  16  0:50  Probe (Chrono Boost)  
  16  0:56  Probe  
  18  1:08  Probe  
  19  1:23  Nexus  
  19  1:33  Cybernetics Core  
  19  1:45  Assimilator  
  19  1:47  Pylon  
  19  1:49  Probe  
  20  2:01  Probe  
  20  2:07  Adept (Chrono Boost)  
  21  2:13  Probe (Chrono Boost)  
  25  2:24  Probe (Chrono Boost)  
  25  2:29  Probe (Chrono Boost), Adept (Chrono Boost)  
  28  2:39  Probe  
  28  2:40  Probe  
  28  2:43  Stargate  
  29  2:49  Warp Gate  
  29  2:51  Gateway  
  29  2:54  Probe  
  29  2:57  Stalker  
  32  2:59  Probe  
  33  3:06  Probe  
  33  3:11  Probe  
  35  3:18  Probe  
  36  3:23  Probe  
  36  3:26  Oracle (Chrono Boost)  
  37  3:30  Probe  
  41  3:35  Probe  
  41  3:36  Shield Battery  
  42  3:42  Probe  
  42  3:47  Probe  
  44  3:53  Twilight Council  
  44  3:55  Gateway  
  40  3:57  Probe, Gateway  
  40  3:58  Adept  
  40  3:59  Adept  
  45  4:15  Pylon  
  45  4:18  Probe  
  46  4:34  Probe x2  
  46  4:38  Resonating Glaives (Chrono Boost), Adept x2  
  50  4:42  Assimilator  
  50  4:44  Assimilator  
  52  4:46  Probe, Pylon  
  52  4:48  Probe  
  54  5:07  Pylon  
  54  5:08  Pylon  
  54  5:10  Nexus  
  54  5:11  Pylon  
  54  5:12  Pylon  
  54  5:13  Robotics Facility  
  54  5:25  Probe  
  54  5:26  Adept x4  
  63  5:33  Shield Battery  
  63  5:36  Forge  
  63  5:42  Probe  
  64  5:47  Adept x4  
  72  5:52  Probe  
  72  5:54  Probe  
  72  5:56  Pylon  
  74  6:03  Charge  
  74  6:04  Probe  
  75  6:09  Adept x4  
  80  6:22  Photon Cannon  
  80  6:23  Shield Battery  
  80  6:25  Shield Battery  
  74  6:37  Zealot x4  
  66  6:56  Probe  
  66  6:57  Probe x2  
  66  6:59  Immortal (Chrono Boost)  
  71  7:08  Probe  
  71  7:09  Probe  
  71  7:14  Protoss Ground Weapons Level 1 (Chrono Boost)  
  69  7:17  Zealot x4  
  75  7:24  Robotics Facility  
  75  7:26  Robotics Bay  
  75  7:29  Pylon  
  75  7:31  Immortal (Chrono Boost)  
  79  7:39  Probe (Chrono Boost)  
  79  7:42  Stalker  
  84  7:44  Probe (Chrono Boost)  
  84  7:45  Probe (Chrono Boost)  
  84  7:46  Zealot x2  
  84  7:47  Zealot  
  84  7:49  Probe (Chrono Boost)  
  92  7:52  Probe (Chrono Boost)  
  92  7:53  Probe (Chrono Boost)  
  92  7:54  Probe (Chrono Boost)  
  94  8:00  Templar Archives  
  94  8:02  Warp Prism (Chrono Boost)  
  94  8:03  Probe x2  
  98  8:06  Probe  
  99  8:15  Probe, Pylon  
  99  8:16  Pylon  
  99  8:19  Probe  
  99  8:20  Probe  
  99  8:21  Assimilator  
  99  8:23  Assimilator  
  99  8:26  Pylon  
  99  8:27  Zealot x4  
  88  8:44  Probe  
  88  8:45  Probe x2  
  91  8:51  Gateway  
  91  8:52  Gateway  
  91  8:54  Photon Cannon, Gateway  
  91  8:56  Zealot  
  89  9:08  Nexus  
  89  9:09  Pylon  
  85  9:12  Protoss Ground Weapons Level 2 (Chrono Boost)  
  85  9:13  Probe x2  
  85  9:14  Probe  
  85  9:18  High Templar  
  85  9:19  High Templar x3  
  93  9:25  Archon x2  
  94  9:31  Probe x2  
  94  9:32  Immortal (Chrono Boost)  
  99  9:42  Probe  
  99  9:43  Probe x2  
  99  9:45  Photon Cannon  
  102  9:46  Gateway  
  102  9:49  Gateway  
  102  9:51  High Templar, Shield Battery  
  102  9:52  Photon Cannon, Pylon, High Templar x2, Shield Battery  
  108  9:53  Assimilator  
  108  9:54  High Templar  
  108  9:56  Disruptor (Chrono Boost)  
  108  9:57  Assimilator, Archon  
  108  9:58  Archon  
  113  10:08  Disruptor (Chrono Boost)  
  116  10:19  Probe x4  
  120  10:22  Zealot  
  120  10:23  Zealot x2  
  120  10:24  Zealot x3  
  120  10:26  Observer (Chrono Boost)  
  133  10:30  Gateway  
  133  10:33  Disruptor (Chrono Boost)  
  133  10:34  Probe x2  
  138  10:46  Pylon  
  138  11:03  Zealot x3  
  138  11:04  Zealot x6  
  138  11:19  Probe  
  138  11:20  Nexus  
  138  11:22  Pylon  
  139  11:25  Forge  
  139  11:28  Pylon  
  139  11:33  Gateway  
  139  11:36  Photon Cannon  
  139  11:37  Photon Cannon, Shield Battery  
  129  11:40  Gateway  
  129  11:41  High Templar x6, Shield Battery  
  129  11:42  High Templar x4  
  145  11:51  Archon x2  
  145  11:52  Archon x2  
  127  11:55  Archon  
  123  12:06  Immortal x2  
  131  12:11  Photon Cannon  
  131  12:12  Photon Cannon  
  131  12:13  Probe x4  
  131  12:14  Photon Cannon  
  135  12:16  Shield Battery  
  135  12:18  Shield Battery  
  135  12:19  Blink (Chrono Boost)  
  135  12:20  Stalker x3  
  135  12:21  Pylon  
  141  12:25  Probe x3  
  141  12:26  Probe  
  141  12:28  Protoss Ground Weapons Level 3 (Chrono Boost)  
  145  12:31  Protoss Shields Level 1 (Chrono Boost)  
  145  12:33  Stalker  
  145  12:34  Stalker  
  149  12:46  Zealot  
  149  12:47  Zealot x5  
  149  12:51  Warp Prism  
  163  13:01  Stalker  
  163  13:02  Stalker x5  
  175  13:11  Zealot x5  
  175  13:12  Zealot  
  173  13:32  Zealot x5  
  173  13:33  Zealot x4  
  173  13:34  Zealot  
  177  13:57  Stalker x4  
  177  13:58  Stalker x3  
  177  13:59  Stalker x2  
  169  14:24  Zealot x6  
  160  14:25  Zealot x3  
  172  14:31  Protoss Ground Armor Level 1 (Chrono Boost)  
  150  15:04  Stalker x4  
  150  15:05  Stalker x5  
  143  15:22  Probe x2  
  143  15:24  Assimilator x2  
  139  15:33  Stargate  
  139  15:35  Nexus  
  139  15:36  Stargate, Pylon  
  139  15:38  Stargate  
  139  15:39  Stargate  
  139  15:42  Zealot x4  
  146  15:43  Zealot x2, Gateway  
  146  15:44  Gateway  
  146  15:46  Fleet Beacon  
  146  15:49  Pylon  
  150  15:51  Pylon  
  150  15:53  Pylon  
  138  16:09  Dark Shrine  
  128  16:11  Photon Cannon  
  128  16:13  Shield Battery  
  128  16:16  Photon Cannon  
  128  16:23  Stalker x3  
  128  16:24  Stalker x6  
  128  16:25  Nexus  
Tags
 
Add a new tag
Caveats
  • Supply blocks, unpowered buildings, or Contaminate may cause inaccurate times.
  • Supply counts are checked every 10 seconds.